 Dungeon Crawl Stone Soup version 0.24-a0-499-g1074bba3cf (webtiles) character file.

Game seed: 3187822555906275842

77 KristoblXynda the Slasher (level 4, 0/37 HPs)
             Began as a Draconian Gladiator on July 14, 2019.
             Slain by Sigmund
             ... wielding a +0 scythe
              (12 damage)
             ... on level 3 of the Dungeon.
             The game lasted 00:03:04 (2492 turns).

KristoblXynda the Slasher (Draconian Gladiator)     Turns: 2492, Time: 00:03:04

Health: 0/37       AC:  5    Str: 16    XL:     4   Next: 14%
Magic:  4/4        EV: 13    Int: 11    God:
Gold:   118        SH:  0    Dex: 13    Spells: 3/3 levels left

rFire    . . .     SeeInvis .   a - +0 long sword
rCold    . . .     Gourm    .   (no shield)
rNeg     . . .     Faith    .   (armour unavailable)
rPois    .         Spirit   .   b - +0 hat
rElec    .         Reflect  .   (no cloak)
rCorr    .         Harm     .   (no gloves)
MR       .....                  (no boots)
Stlth    ..........             (no amulet)
HPRegen  0.12/turn              f - ring of attention (curse)
MPRegen  0.09/turn              (no ring)

@: no status effects
A: unfitting armour, talons 1, clever 1, high mp 1, cold-blooded, AC +5
a: no special abilities


You were on level 3 of the Dungeon.
You were not hungry.

You visited 1 branch of the dungeon, and saw 3 of its levels.

You collected 118 gold pieces.

Inventory:

Hand Weapons
 a - a +0 long sword (weapon)
Missiles
 c - 3 throwing nets (quivered)
Armour
 b - a +0 hat (worn)
Jewellery
 f - a cursed ring of attention (left hand)
Scrolls
 g - a scroll of teleportation {unknown}
 i - 3 scrolls of identify {unknown}
 j - 2 scrolls of enchant armour {unknown}
 m - a scroll of amnesia {unknown}
 o - a scroll of immolation {unknown}
 r - a scroll of fog {unknown}
Potions
 e - a potion of resistance {unknown}
 h - a potion of curing
 k - a potion of mutation
 l - a potion of lignification {unknown}
 n - 2 potions of heal wounds {unknown}
 p - a potion of agility {unknown}
 s - a potion of brilliance {unknown}
Comestibles
 d - 2 rations
 q - 2 chunks of flesh


   Skills:
 + Level 2.8 Fighting
 * Level 4.1 Long Blades
 - Level 2.0 Throwing
 + Level 3.3 Dodging


You had 3 spell levels left.
You didn't know any spells.
Your spell library was empty.

Dungeon Overview and Level Annotations

Branches:
Dungeon (3/15)

Altars:

Annotations:
D:3 Sigmund


Innate Abilities, Weirdness & Mutations

Your plain brown scales are hard. (AC +5)
You cannot fit into any form of body armour.
You are cold-blooded and may be slowed by cold attacks.
You have sharp toenails.
Your mind is acute. (Int +2)
You have an increased reservoir of magic. (+10% MP)


Message History

Something hits you! The orc hits you.
You closely miss the orc.
The orc is heavily wounded.
The orc hits you but does no damage. Something barely misses you.
The orc hits you but does no damage.
You see here a bat corpse.
You hit the orc.
You kill the orc!
Something hits you!
You see here a bat corpse.
It was a potion of curing.
You feel better.
You miss something.
Your tail-slap misses something.
You hear some strange, mumbled words.
A puff of flame appears from out of thin air!
The puff of flame hits you. Something hits you.
You hit something but do no damage.
Your tail-slap misses something.
It was a potion of mutation.
You feel extremely strange.
You feel clever.
Your toenails lengthen and sharpen.
You feel more energetic. Something hits you!
You die...

#.##...( ####.#.....
#...(#.#..(
##########.####.#...
.........(........##
####
####...#####.#####
#.... #..### #. .
#...####.### #. #
#....@{...# #.
##.####)#..... #
#.###### ... ....
....# .....# ...#


There were no monsters in sight!

Vanquished Creatures
  2 adders (D:2)
  An ooze (D:2)
  2 worms
  3 dart slugs
  2 orcs (D:3)
  A ball python (D:1)
  6 goblins
  5 hobgoblins
  7 kobolds
  4 bats
  6 frilled lizards
  4 rats
43 creatures vanquished.

Notes
Turn   | Place    | Note
-------+----------+-------------------------------------------
     0 | D:1      | KristoblXynda the Draconian Gladiator began the quest for
                  | the Orb.
     0 | D:1      | Reached XP level 1. HP: 17/17 MP: 1/1
   152 | D:1      | Reached XP level 2. HP: 19/24 MP: 2/2
  1107 | D:2      | Reached XP level 3. HP: 18/30 MP: 3/3
  1745 | D:2      | Reached skill level 4 in Long Blades
  2090 | D:2      | Reached XP level 4. HP: 37/37 MP: 4/4
  2478 | D:3      | Noticed Sigmund
  2492 | D:3      | Gained mutation: Your mind is acute. (Int +2) [potion of
                  | mutation]
  2492 | D:3      | Gained mutation: You have sharp toenails. [potion of
                  | mutation]
  2492 | D:3      | Gained mutation: You have an increased reservoir of magic.
                  | (+10% MP) [potion of mutation]
  2492 | D:3      | Slain by Sigmund

Levels and vault maps discovered:
D:1:      dpeg_arrival_boxes_within_box, layout_basic
D:2:      layout_basic
D:3:      layout_rooms, uniq_sigmund

Skill      XL: |  1  2  3 |
---------------+----------+-----
Throwing       | 2 |  2.0
Dodging        | 3 |  3.3
Long Blades    | 4 |  4.1
Fighting       | |  2.8

Action                   |  1- 3 |  4- 6 || total
-------------------------+-------+-------++-------
Melee: Long sword        |   104 |    14 ||   118
       Tailslap          |    10 |     1 ||    11
  Use: Potion            |       |     2 ||     2
 Stab: Sleeping          |     2 |       ||     2
  Eat: Chunk             |     3 |     2 ||     5
Armor: Skin              |    27 |     2 ||    29
Dodge: Dodged            |    63 |     6 ||    69
       Rpst.: Long sword |    22 |     1 ||    23

Table legend:
 A = Non-vault XP
 B = Vault XP
 C = Vault XP percentage of total XP
 D = Non-vault monster count
 E = Vault monster count
 F = Vault count percentage of total count
                 A         B        C        D         E       F
            +---------+---------+-------+---------+---------+-------
      Total |     111 |       0 |   0.0 |      43 |       0 |   0.0
            +---------+---------+-------+---------+---------+-------
        D:1 |      31 |       0 |   0.0 |      19 |       0 |   0.0
        D:2 |      66 |       0 |   0.0 |      19 |       0 |   0.0
        D:3 |      14 |       0 |   0.0 |       5 |       0 |   0.0
            +---------+---------+-------+---------+---------+-------
